 Dungeon Crawl Stone Soup version 0.31-a0-149-g3fdcc5976a (webtiles) character file.

Game seed: 14700574634632711751

55 jlumianski the Magician (level 4, -1/31 HPs)
             Began as a Djinni Fire Elementalist on June 7, 2023.
             Slain by Grinder (9 damage)
             ... on level 3 of the Dungeon.
             The game lasted 00:07:03 (1570 turns).

jlumianski the Magician (Djinni Fire Elementalist)  Turns: 1570, Time: 00:07:05

Health: -1/31      AC:  3    Str:  7    XL:     4   Next: 14%
Gold:   82         EV: 13    Int: 18    God:
                   SH:  0    Dex: 14

rFire   + + .        p - +0 dagger
rCold   x . .        (no shield)
rNeg    . . .        a - +0 robe
rPois   ∞            (no helmet)
rElec   .            (no cloak)
rCorr   .            i - +0 pair of gloves
SInv    .            (boots unavailable)
Will    .....        (no amulet)
Stlth   ++           (no ring)
HPRegen 0.25/turn    (no ring)
MPRegen 0.00/turn

%: infuse magic (-2 HP)
@: flying, very slightly contaminated
A: sickness immunity, fire resistance 2, cold vulnerability 1, float, innate
caster, HP casting, extra vitality 1
a: no special abilities


You were on level 3 of the Dungeon.
You visited 1 branch of the dungeon, and saw 3 of its levels.

You collected 82 gold pieces.

Inventory:

Hand Weapons
 p - a +0 dagger (weapon)
Armour
 a - a +0 robe (worn)
 i - a +0 pair of gloves (worn)
 s - a +1 leather armour of fire resistance
Scrolls
 b - 2 scrolls of noise
 e - 3 scrolls of poison
 g - a scroll of enchant armour {unknown}
 j - 2 scrolls of teleportation
 k - a scroll of amnesia {unknown}
 l - a scroll of magic mapping {unknown}
 n - a scroll of enchant weapon {unknown}
Potions
 c - a potion of lignification
 d - a potion of brilliance
 f - a potion of heal wounds
 h - a potion of might
 o - a potion of curing {unknown}
 q - a potion of haste {unknown}
 r - a potion of invisibility {unknown}


   Skills:
 + Level 3.2 Dodging
 + Level 2.3 Stealth
 + Level 0.3 Unarmed Combat
 * Level 3.3 Spellcasting
 * Level 3.3 Conjurations
 * Level 3.3 Hexes
 * Level 3.3 Summonings
 * Level 3.3 Necromancy
 * Level 3.3 Translocations
 * Level 3.3 Transmutations
 * Level 3.3 Fire Magic
 * Level 3.3 Ice Magic
 * Level 3.3 Air Magic
 * Level 3.3 Earth Magic
 * Level 3.3 Poison Magic


You knew the following spells:

 Your Spells              Type           Power      Damage    Failure   Level
a - Foxfire               Conj/Fire      56%        2x1d6     4%          1
b - Scorch                Fire           28%        2d6       6%          2
c - Volatile Blastmotes   Fire/Tloc      28%        2d12      12%         3
d - Inner Flame           Hex/Fire       14%        N/A       12%         3
e - Flame Wave            Conj/Fire      14%        2d6       38%         4
f - Shock                 Conj/Air       56%        1d6       4%          1
Your spell library was empty.

Dungeon Overview and Level Annotations

Branches:
Dungeon (3/15)

Altars:

Annotations:
D:3 Grinder


Innate Abilities, Weirdness & Mutations

You are immune to sickness and miasma.
You are immune to poison.
Your flesh is very heat resistant. (rF++)
You are vulnerable to cold. (rC-)
You float through the air rather than walking.
You learn spells naturally, not from books.
Your magical power is your life essence.
You have superior vitality. (+4 MHP)


Message History

Grinder blinks!
Casting: Foxfire (safe; 4% risk of failure)
Confirm with . or Enter, or press ? or * to list all spells.
You conjure some foxfire!
The foxfire hits the endoplasm.
The endoplasm is severely wounded.
The foxfire hits the endoplasm but does no damage.
The endoplasm is severely wounded.
Casting: Foxfire (safe; 4% risk of failure)
Confirm with . or Enter, or press ? or * to list all spells.
Flames lash Grinder.
Grinder is lightly wounded.
Grinder's fire resistance burns away.
Casting: Scorch (safe; 6% risk of failure)
Confirm with . or Enter, or press ? or * to list all spells.
You miscast Foxfire.
You are very lightly contaminated with residual magic.
Nothing appears to happen.
Grinder hits you.
You writhe in agony.
The endoplasm misses you.
Casting: Foxfire (safe; 4% risk of failure)
Confirm with . or Enter, or press ? or * to list all spells.
You conjure some foxfire!
Grinder hits you.
You writhe in agony.
The endoplasm hits you but does no damage.
You closely miss Grinder.
Grinder is lightly wounded.
Grinder is no longer more vulnerable to fire.
The foxfire hits the endoplasm.
You kill the endoplasm!
The foxfire hits Grinder.
Grinder is lightly wounded.
Grinder says, "Wait up."
Grinder closely misses you.
Casting: Foxfire (safe; 4% risk of failure)
Confirm with . or Enter, or press ? or * to list all spells.
Flames lash Grinder.
Grinder is moderately wounded.
Grinder's fire resistance burns away.
* * * LOW HITPOINT WARNING * * *
Grinder hits you!
You die...

### ..# #?# #.#
# ####.# ....#
#..####.#
#.@5....#
##.####.#
#....#.#
########.#.#
###
.........#.#
#..
.#######.#.#
#.# #.#.# #.#
####.#.# #.#
#......#####.##


You could see Grinder (combustible).

Vanquished Creatures
  2 adders (D:2)
  A worm (D:2)
  4 endoplasms
  2 giant cockroaches (D:2)
  6 hobgoblins
  3 jackals (D:2)
  2 quokkas
  A ball python (D:2)
  3 bats
  A goblin (D:2)
  3 kobolds
  3 rats (D:2)
31 creatures vanquished.

Vanquished Creatures (others)
  77 foxfires
77 creatures vanquished.

Grand Total: 108 creatures vanquished

Notes
Turn   | Place    | Note
-------+----------+-------------------------------------------
     0 | D:1      | jlumianski the Djinni Fire Elementalist began the quest for
                  | the Orb.
     0 | D:1      | jlumianski set off with the following spells memorised:
                  | Foxfire, Scorch, Volatile Blastmotes, Inner Flame, Flame
                  | Wave.
     0 | D:1      | Reached XP level 1. HP: 15/15 MP: 0/0
    58 | D:2      | Reached XP level 2. HP: 19/21 MP: 0/0
   286 | D:1      | Found a faded altar of an unknown god.
   306 | D:1      | Reached XP level 3. HP: 25/25 MP: 0/0
   306 | D:1      | Learned a level 1 spell: Shock
  1145 | D:2      | Reached XP level 4. HP: 30/31 MP: 0/0
  1562 | D:3      | Noticed Grinder
  1570 | D:3      | Slain by Grinder

Illustrated notes

Levels and vault maps discovered:
D:1:      wheals_arrival_shading, layout_basic,
          hellmonk_ecumenical_altar_leap_of_faith, minmay_misc_feat_roman
D:2:      layout_loops_ring
D:3:      layout_loops_ring, uniq_robin, uniq_grinder, uniq_crazy_yiuf_cottage

Skill      XL: |  1  2  3 |
---------------+----------+-----
Spellcasting   | |  3.3
Conjurations   | |  3.3
Hexes          | |  3.3
Summonings     | |  3.3
Necromancy     | |  3.3
Translocations | |  3.3
Transmutations | |  3.3
Fire Magic     | |  3.3
Ice Magic      | |  3.3
Air Magic      | |  3.3
Earth Magic    | |  3.3
Poison Magic   | |  3.3
Stealth        | 2 |  2.3
Dodging        | 3 |  3.2
Unarmed Combat | |  0.3

Action                     |  1- 3 |  4- 6 || total
---------------------------+-------+-------++-------
  Melee: Unarmed           |    16 |       ||    16
         Dagger            |     7 |     6 ||    13
   Cast: Foxfire           |    37 |     8 ||    45
         Shock             |     2 |       ||     2
         Scorch            |       |     2 ||     2
    Use: Scroll            |     1 |     4 ||     5
         Potion            |       |     2 ||     2
 Armour: Robe              |     6 |     2 ||     8
  Dodge: Dodged            |    30 |     5 ||    35

Table legend: (Time is in decaauts)
 A = Elapsed time spent in this place.
 B = Non-inter-level travel time spent in this place.
 C = Inter-level travel time spent in this place.
 D = Time resting spent in this place.
 E = Time spent auto-exploring this place.
 F = Levels seen in this place.
 G = Mean time per level.
                   A        B        C        D        E       F      G
               +--------+--------+--------+--------+--------+-----+--------+
         Total |   1572 |   1544 |     28 |     16 |   1051 |   3 |  524.0 |
       Dungeon |   1572 |   1544 |     28 |     16 |   1051 |   3 |  524.0 |
               +--------+--------+--------+--------+--------+-----+--------+

Top non-repeatable levels by time:
     D:2: 959 daAuts
     D:1: 562 daAuts
     D:3: 50 daAuts
